Little Stars vs Punishers
Created - December 5, 2018 at 19:44
Goals
|
Little Stars |
1 |
2 |
2 |
5 |
Punishers |
1 |
0 |
1 |
2 |
|
Shots
|
Little Stars |
11 |
10 |
14 |
35 |
Punishers |
14 |
11 |
7 |
32 |
|
1st period
1. Little Stars , Shawn Matthias 8 (Brian Flynn 27) at 17:15
2. Punishers , Mark Jankowski 5 (Colton Gillies 10, Carter Ashton 9) at 19:32
Penalties :
No Penalty
2nd period
3. Little Stars , Cam Atkinson 25 (Shawn Matthias 16, Brian Flynn 28) at 0:18
4. Little Stars , Michael Mersch 5 (Bo Horvat 13, Mathieu Perreault 8) at 1:11
Penalties :
Jesse Joensuu (Tex) for Slashing (Minor) at 9:28
3rd period
5. Little Stars , Cam Atkinson 26 (Brian Flynn 29, Jordie Benn 12) at 5:14 (PP)
6. Little Stars , Shawn Matthias 9 (Jordie Benn 13) at 13:29
7. Punishers , Miikka Salomaki 9 (Boone Jenner 6, Trevor Van Riemsdyk 2) at 17:26
Penalties :
Carter Ashton (Pro) for Diving (Minor) at 0:40, Robbie Earl (Pro) for Hooking (Minor) at 5:02
Goalie Stats
Peter Delmas (Tex), 30 saves from 32 shots - (0.938), W, 6-6-1, 60:00 minutes
Louis Domingue (Pro), 30 saves from 35 shots - (0.857), L, 3-5-1, 60:00 minutes
Players Stats for Little Stars
Player Name G A P +/- PIM S H SB GA TA FO MP PP MP PK MP
------------------------------------------------------------------------------------
Alexander Vasyunov 0 0 0 -1 0 3 0 0 0 1 0/0 13:17 0:00 0:29
Andrej Sustr 0 0 0 1 0 3 0 3 0 1 0/0 26:02 1:17 1:27
Anton Cederholm 0 0 0 1 0 0 0 1 0 1 0/0 17:07 0:54 0:32
Bo Horvat 0 1 1 1 0 4 2 0 1 1 4/4 9:58 0:00 0:00
Brian Flynn 0 3 3 2 0 2 3 0 1 1 17/37 19:26 1:08 0:17
Cam Atkinson 2 0 2 2 0 3 4 0 0 0 1/2 20:24 1:08 1:13
Dana Tyrell 0 0 0 0 0 4 3 0 0 1 3/7 16:21 1:03 0:17
Jesse Joensuu 0 0 0 0 2 4 2 0 1 0 0/0 16:05 1:03 0:00
Jordie Benn 0 2 2 1 0 1 1 1 0 1 0/0 26:02 1:17 1:27
Justin Auger 0 0 0 1 0 0 0 0 0 0 0/0 9:58 0:00 0:00
Mathieu Perreault 0 1 1 -1 0 3 1 0 0 0 2/5 12:48 0:00 0:00
Michael Mersch 1 0 1 1 0 1 0 0 0 0 0/0 10:27 0:00 0:29
Reece Willcox 0 0 0 0 0 0 1 3 0 0 0/0 16:51 0:00 0:00
Scott Kosmachuck 0 0 0 -1 0 2 0 0 1 0 0/0 12:48 0:00 0:00
Shawn Matthias 2 1 3 2 0 4 2 0 0 1 0/1 20:24 1:08 1:13
Tucker Poolman 0 0 0 0 0 0 0 1 0 2 0/0 16:51 0:00 0:00
Tyler Wotherspoon 0 0 0 1 0 1 0 1 0 1 0/0 17:07 0:54 0:32
Zach Budish 0 0 0 0 0 0 0 0 1 1 0/0 16:04 1:03 0:00
Players Stats for Punishers
Player Name G A P +/- PIM S H SB GA TA FO MP PP MP PK MP
------------------------------------------------------------------------------------
Adam Pelech 0 0 0 -3 0 3 3 1 0 1 0/0 25:30 1:17 1:19
Boone Jenner 0 1 1 0 0 3 1 0 1 0 7/11 16:03 0:48 0:00
Carter Ashton 0 1 1 0 2 1 1 0 0 0 0/0 12:05 0:00 0:00
Colton Gillies 0 1 1 0 0 2 1 0 1 0 0/0 12:54 0:00 1:08
David Laliberté 0 0 0 -2 0 1 4 4 3 0 1/1 20:59 1:11 0:30
Dylan DeMelo 0 0 0 0 0 1 0 1 0 1 0/0 14:22 0:00 0:00
Garret Ross 0 0 0 0 0 1 0 0 1 0 0/0 9:11 0:00 0:00
Jordan Schmaltz 0 0 0 -3 0 1 0 1 0 0 0/0 25:30 1:17 1:19
Madison Bowey 0 0 0 1 0 5 1 1 0 1 0/0 20:07 0:42 0:52
Mark Jankowski 1 0 1 0 0 3 1 0 0 0 1/3 11:46 0:00 0:00
Michael Joly 0 0 0 0 0 1 1 0 0 0 0/0 9:11 0:00 0:00
Miikka Salomaki 1 0 1 0 0 1 2 1 2 0 0/0 17:00 0:48 0:37
Patrick Wiercioch 0 0 0 1 0 2 0 0 0 0 0/0 20:07 0:42 0:52
Radek Faksa 0 0 0 0 0 2 0 1 1 0 1/3 9:23 0:00 0:12
Robbie Earl 0 0 0 -2 2 3 4 1 1 1 1/1 21:21 1:11 0:45
Trevor Van Riemsdyk 0 1 1 0 0 1 0 0 0 0 0/0 14:23 0:00 0:00
Tyler Bertuzzi 0 0 0 0 0 0 3 0 0 0 0/1 16:15 0:48 0:00
Zack Hamill 0 0 0 -2 0 1 2 0 2 1 18/36 21:39 1:11 1:10
3 Stars
1 - Shawn Matthias (Tex)
2 - Cam Atkinson (Tex)
3 - Brian Flynn (Tex)
Power Play
Little Stars - 1 on 3 Attempt(s) - 33.33%
Punishers - 0 on 1 Attempt(s) - 0.00%
Penalty Kill
Little Stars - 1 on 1 Attempt(s) - 100.00%
- Score 0 goal in Penalty Kill
Punishers - 2 on 3 Attempt(s) - 66.67%
- Score 0 goal in Penalty Kill
Team Stat
Little Stars - Hits : 19 - Faceoff Wins : 27 - Blocked Shots : 10 - Penalty Minutes : 2
Punishers - Hits : 24 - Faceoff Wins : 29 - Blocked Shots : 11 - Penalty Minutes : 4
Official
Referees : Unknown
Linesman : Unknown
Game Notes
16:51 of 3rd period - Penalty Shot by Colton Gillies for Punishers - Stopped by Peter Delmas
Finance
Level 1 -- Attendance: 1520 (76.00%) -- Ticket Income $60,800
Level 2 -- Attendance: 714 (71.40%) -- Ticket Income $14,280
Total Attendance: 2234 (74.47%)
Total Ticket Income: $75,080
Other Income: $3,754
Total Income: $78,834
Little Stars
5 vs 5 Forward
Center Left Wing Right Wing Time % Phy DF OF
1 Brian Flynn Shawn Matthias Cam Atkinson 40 1 2 2
2 Dana Tyrell Jesse Joensuu Zach Budish 30 1 2 2
3 Mathieu Perreault Alexander Vasyunov Scott Kosmachuck 20 1 2 2
4 Bo Horvat Michael Mersch Justin Auger 10 1 2 2
5 vs 5 Defense
Defense Defense Time % Phy DF OF
1 Andrej Sustr Jordie Benn 38 1 2 2
2 Tyler Wotherspoon Anton Cederholm 30 1 2 2
3 Tucker Poolman Reece Willcox 22 1 2 2
4 Andrej Sustr Jordie Benn 10 1 2 2
PowerPlay Forward
Center Left Wing Right Wing Time % Phy DF OF
1 Brian Flynn Shawn Matthias Cam Atkinson 60 0 2 3
2 Dana Tyrell Jesse Joensuu Zach Budish 40 0 2 3
PowerPlay Defense
Defense Defense Time % Phy DF OF
1 Andrej Sustr Jordie Benn 60 0 2 3
2 Tyler Wotherspoon Anton Cederholm 40 0 2 3
Penalty Kill 4 Players Forward
Center Wing Time % Phy DF OF
1 Shawn Matthias Cam Atkinson 60 0 3 2
2 Brian Flynn Dana Tyrell 40 0 3 2
Penalty Kill 4 Players Defense
Defense Defense Time % Phy DF OF
1 Andrej Sustr Jordie Benn 60 0 3 2
2 Tyler Wotherspoon Anton Cederholm 40 0 3 2
Penalty Kill - 3 Players Forward
Forward Time % Phy DF OF
1 Shawn Matthias 60 0 3 2
2 Cam Atkinson 40 0 3 2
Penalty Kill - 3 Players Defense
Defense Defense Time % Phy DF OF
1 Andrej Sustr Jordie Benn 60 0 3 2
2 Tyler Wotherspoon Anton Cederholm 40 0 3 2
4 vs 4 Forward
Center Wing Time % Phy DF OF
1 Shawn Matthias Cam Atkinson 60 1 2 2
2 Brian Flynn Dana Tyrell 40 1 2 2
4 vs 4 Defense
Defense Defense Time % Phy DF OF
1 Andrej Sustr Jordie Benn 60 1 2 2
2 Tyler Wotherspoon Anton Cederholm 40 1 2 2
Last Minutes Offensive
Center Left Wing Right Wing Defense Defense
Brian Flynn Shawn Matthias Cam Atkinson Andrej Sustr Jordie Benn
Last Minutes Defensive
Center Left Wing Right Wing Defense Defense
Brian Flynn Shawn Matthias Cam Atkinson Andrej Sustr Jordie Benn
Goaltenders
Starting : Peter Delmas
Backup : Matt Murray
Extra Forwards
Normal : Mathieu Perreault, Bo Horvat, Alexander Vasyunov - PP : Mathieu Perreault, Bo Horvat - PK : Alexander Vasyunov
Extra Defensemen
Normal : Tucker Poolman, Reece Willcox, Tyler Wotherspoon - PP : Tucker Poolman - PK : Reece Willcox, Tyler Wotherspoon
Penalty Shots
Shawn Matthias, Cam Atkinson, Brian Flynn, Dana Tyrell, Jesse Joensuu
Scratches
Daniel O'regan (Healthy), Ville Pokka (Healthy), Jason Dickinson (Healthy), Emile Poirier (Healthy), Phil Oreskovic (Strained Left Elbow Injury)
Spencer Martin (Healthy)
Punishers
5 vs 5 Forward
Center Left Wing Right Wing Time % Phy DF OF
1 Zack Hamill Robbie Earl David Laliberté 40 1 2 2
2 Boone Jenner Tyler Bertuzzi Miikka Salomaki 30 1 2 2
3 Mark Jankowski Colton Gillies Carter Ashton 20 1 2 2
4 Radek Faksa Garret Ross Michael Joly 10 1 2 2
5 vs 5 Defense
Defense Defense Time % Phy DF OF
1 Adam Pelech Jordan Schmaltz 40 1 2 2
2 Patrick Wiercioch Madison Bowey 30 1 2 2
3 Trevor Van Riemsdyk Dylan DeMelo 20 1 2 2
4 Adam Pelech Jordan Schmaltz 10 1 2 2
PowerPlay Forward
Center Left Wing Right Wing Time % Phy DF OF
1 Zack Hamill Robbie Earl David Laliberté 60 1 2 2
2 Boone Jenner Tyler Bertuzzi Miikka Salomaki 40 1 2 2
PowerPlay Defense
Defense Defense Time % Phy DF OF
1 Adam Pelech Jordan Schmaltz 60 1 2 2
2 Patrick Wiercioch Madison Bowey 40 1 2 2
Penalty Kill 4 Players Forward
Center Wing Time % Phy DF OF
1 Zack Hamill Colton Gillies 60 1 2 2
2 David Laliberté Carter Ashton 40 1 2 2
Penalty Kill 4 Players Defense
Defense Defense Time % Phy DF OF
1 Adam Pelech Jordan Schmaltz 60 1 2 2
2 Patrick Wiercioch Madison Bowey 40 1 2 2
Penalty Kill - 3 Players Forward
Forward Time % Phy DF OF
1 Colton Gillies 60 1 2 2
2 Carter Ashton 40 1 2 2
Penalty Kill - 3 Players Defense
Defense Defense Time % Phy DF OF
1 Adam Pelech Jordan Schmaltz 60 1 2 2
2 Patrick Wiercioch Madison Bowey 40 1 2 2
4 vs 4 Forward
Center Wing Time % Phy DF OF
1 Robbie Earl Colton Gillies 60 1 2 2
2 David Laliberté Carter Ashton 40 1 2 2
4 vs 4 Defense
Defense Defense Time % Phy DF OF
1 Adam Pelech Jordan Schmaltz 60 1 2 2
2 Patrick Wiercioch Madison Bowey 40 1 2 2
Last Minutes Offensive
Center Left Wing Right Wing Defense Defense
Zack Hamill Robbie Earl David Laliberté Madison Bowey Jordan Schmaltz
Last Minutes Defensive
Center Left Wing Right Wing Defense Defense
Zack Hamill Colton Gillies Carter Ashton Adam Pelech Jordan Schmaltz
Goaltenders
Starting : Louis Domingue
Backup : Daniel Altshuller
Extra Forwards
Normal : Tyler Bertuzzi, Boone Jenner, Miikka Salomaki - PP : Carter Ashton, Boone Jenner - PK : Miikka Salomaki
Extra Defensemen
Normal : Trevor Van Riemsdyk, Dylan DeMelo, Patrick Wiercioch - PP : Trevor Van Riemsdyk - PK : Dylan DeMelo, Patrick Wiercioch
Penalty Shots
Boone Jenner, Zack Hamill, Robbie Earl, David Laliberté, Colton Gillies
Scratches
Dan Bertram (Healthy), John Macfarland (Healthy), Stefan Elliott (Healthy), Mattias Tedenby (Right Eye Injury), Kristers Gudlevskis (Healthy)
% Time on Ice - Little Stars
Lines # - Real PCT - Wanted PCT - Time Play
Normal Forward
1 - 32% - 40% - 18:03
2 - 27% - 30% - 15:01
3 - 23% - 20% - 12:48
4 - 18% - 10% - 9:58
Normal Defense
1 - 35% - 38% - 19:17
2 - 28% - 30% - 15:41
3 - 30% - 22% - 16:51
4 - 7% - 10% - 4:01
PP Forward
1 - 52% - 60% - 1:08
2 - 48% - 40% - 1:03
PP Defense
1 - 59% - 60% - 1:17
2 - 41% - 40% - 0:54
PK Forward
1 - 86% - 60% - 1:42
2 - 14% - 40% - 0:17
PK Defense
1 - 73% - 60% - 1:27
2 - 27% - 40% - 0:32
PK3 Forward
1 - 0% - 60%
2 - 0% - 40%
PK3 Defense
1 - 0% - 60%
2 - 0% - 40%
44 Forward
1 - 0% - 60%
2 - 0% - 40%
44 Defense
1 - 0% - 60%
2 - 0% - 40%
Last Minute Offensive - 0:00
Last Minute Defensive - 0:00
Total
Forward - 60:00
Defense - 60:00
|
% Time on Ice - Punishers
Lines # - Real PCT - Wanted PCT - Time Play
Normal Forward
1 - 35% - 40% - 19:38
2 - 27% - 30% - 15:15
3 - 21% - 20% - 11:46
4 - 16% - 10% - 9:11
Normal Defense
1 - 36% - 40% - 19:54
2 - 33% - 30% - 18:33
3 - 26% - 20% - 14:23
4 - 5% - 10% - 3:00
PP Forward
1 - 60% - 60% - 1:11
2 - 40% - 40% - 0:48
PP Defense
1 - 65% - 60% - 1:17
2 - 35% - 40% - 0:42
PK Forward
1 - 77% - 60% - 1:41
2 - 23% - 40% - 0:30
PK Defense
1 - 60% - 60% - 1:19
2 - 40% - 40% - 0:52
PK3 Forward
1 - 0% - 60%
2 - 0% - 40%
PK3 Defense
1 - 0% - 60%
2 - 0% - 40%
44 Forward
1 - 0% - 60%
2 - 0% - 40%
44 Defense
1 - 0% - 60%
2 - 0% - 40%
Last Minute Offensive - 0:00
Last Minute Defensive - 0:00
Total
Forward - 60:00
Defense - 60:00
|
Play by Play
1st period
0:01 of 1st period - Brian Flynn wins face-off versus Zack Hamill in neutral zone.
0:07 of 1st period - Off-side.
0:08 of 1st period - Brian Flynn wins face-off versus Zack Hamill in neutral zone.
0:19 of 1st period - Snap shot by Shawn Matthias.
0:19 of 1st period - Shot Misses the Net.
0:21 of 1st period - Snap shot by Andrej Sustr.
0:21 of 1st period - Stopped by Louis Domingue with a rebound.
0:23 of 1st period - Slapshot by Andrej Sustr.
0:23 of 1st period - Deflect By Brian Flynn.
0:23 of 1st period - Shot Misses the Net.
0:23 of 1st period - Puck is out of play.
0:24 of 1st period - Dana Tyrell wins face-off versus Boone Jenner in Punishers zone.
0:49 of 1st period - Anton Cederholm is hit by Carter Ashton and loses puck.
1:28 of 1st period - Wrist shot by Radek Faksa.
1:28 of 1st period - Shot Blocked by Andrej Sustr.
1:30 of 1st period - Snap shot by Robbie Earl.
1:30 of 1st period - Shot Blocked by Andrej Sustr.
1:32 of 1st period - Slapshot by Madison Bowey.
1:32 of 1st period - Shot Misses the Net.
1:34 of 1st period - Slapshot by Madison Bowey.
1:34 of 1st period - Stopped by Peter Delmas with a rebound.
1:36 of 1st period - Slapshot by Patrick Wiercioch.
1:36 of 1st period - Stopped by Peter Delmas with a rebound.
1:38 of 1st period - Slapshot by Madison Bowey.
1:38 of 1st period - Deflect By Jordie Benn.
1:38 of 1st period - Stopped by Peter Delmas with a rebound.
2:34 of 1st period - Snap shot by Bo Horvat.
2:34 of 1st period - Stopped by Louis Domingue without a rebound.
2:35 of 1st period - Bo Horvat wins face-off versus Radek Faksa in Punishers zone.
3:00 of 1st period - Cam Atkinson is hit by Robbie Earl and loses puck.
4:09 of 1st period - Slapshot by Zack Hamill.
4:09 of 1st period - Shot Blocked by Tucker Poolman.
4:25 of 1st period - Snap shot by Garret Ross.
4:25 of 1st period - Stopped by Peter Delmas without a rebound.
4:26 of 1st period - Brian Flynn wins face-off versus Tyler Bertuzzi in Little Stars zone.
4:56 of 1st period - Alexander Vasyunov is hit by Madison Bowey and loses puck.
6:37 of 1st period - Icing by Dylan DeMelo.
6:38 of 1st period - Dana Tyrell wins face-off versus Mark Jankowski in Punishers zone.
7:13 of 1st period - Wrist shot by Carter Ashton.
7:13 of 1st period - Shot Misses the Net.
7:15 of 1st period - Snap shot by Colton Gillies.
7:15 of 1st period - Shot Misses the Net.
7:17 of 1st period - Snap shot by Colton Gillies.
7:17 of 1st period - Stopped by Peter Delmas without a rebound.
7:18 of 1st period - Zack Hamill wins face-off versus Brian Flynn in Little Stars zone.
8:05 of 1st period - Snap shot by Garret Ross.
8:05 of 1st period - Shot Misses the Net.
8:41 of 1st period - Carter Ashton is hit by Dana Tyrell.
8:47 of 1st period - Slapshot by Mark Jankowski.
8:47 of 1st period - Stopped by Peter Delmas with a rebound.
9:01 of 1st period - Anton Cederholm is hit by Miikka Salomaki and loses puck.
9:32 of 1st period - Robbie Earl is hit by Cam Atkinson and loses puck.
9:45 of 1st period - Wrist shot by Bo Horvat.
9:45 of 1st period - Shot Misses the Net.
10:05 of 1st period - Snap shot by Colton Gillies.
10:05 of 1st period - Shot Misses the Net.
10:07 of 1st period - Wrist shot by Colton Gillies.
10:07 of 1st period - Stopped by Peter Delmas with a rebound.
10:51 of 1st period - Slapshot by Alexander Vasyunov.
10:51 of 1st period - Stopped by Louis Domingue without a rebound.
10:52 of 1st period - Mathieu Perreault wins face-off versus Zack Hamill in Punishers zone.
10:57 of 1st period - Snap shot by Alexander Vasyunov.
10:57 of 1st period - Stopped by Louis Domingue with a rebound.
11:03 of 1st period - Snap shot by Mathieu Perreault.
11:03 of 1st period - Shot Blocked by David Laliberté.
11:05 of 1st period - Wrist shot by Mathieu Perreault.
11:05 of 1st period - Stopped by Louis Domingue without a rebound.
11:06 of 1st period - Boone Jenner wins face-off versus Brian Flynn in Punishers zone.
11:21 of 1st period - Wrist shot by Brian Flynn.
11:21 of 1st period - Shot Blocked by Adam Pelech.
11:33 of 1st period - Jesse Joensuu is hit by David Laliberté and loses puck.
11:44 of 1st period - Slapshot by Zack Hamill.
11:44 of 1st period - Stopped by Peter Delmas with a rebound.
11:56 of 1st period - Snap shot by Radek Faksa.
11:56 of 1st period - Shot Misses the Net.
11:58 of 1st period - Snap shot by Garret Ross.
11:58 of 1st period - Shot Misses the Net.
12:00 of 1st period - Wrist shot by Garret Ross.
12:00 of 1st period - Shot Misses the Net.
12:02 of 1st period - Snap shot by Trevor Van Riemsdyk.
12:02 of 1st period - Shot Misses the Net.
12:04 of 1st period - Slapshot by Trevor Van Riemsdyk.
12:04 of 1st period - Deflect By Garret Ross.
12:04 of 1st period - Shot Misses the Net.
12:04 of 1st period - Puck is out of play.
12:05 of 1st period - Brian Flynn wins face-off versus Zack Hamill in Little Stars zone.
12:38 of 1st period - Snap shot by Boone Jenner.
12:38 of 1st period - Shot Blocked by Tyler Wotherspoon.
12:40 of 1st period - Slapshot by Tyler Bertuzzi.
12:40 of 1st period - Deflect By Boone Jenner.
12:40 of 1st period - Stopped by Peter Delmas with a rebound.
12:49 of 1st period - Off-side.
12:50 of 1st period - Bo Horvat wins face-off versus Mark Jankowski in neutral zone.
12:57 of 1st period - Snap shot by Bo Horvat.
12:57 of 1st period - Shot Misses the Net.
13:16 of 1st period - Robbie Earl is hit by Shawn Matthias and loses puck.
13:35 of 1st period - Slapshot by Radek Faksa.
13:35 of 1st period - Stopped by Peter Delmas with a rebound.
14:25 of 1st period - Wrist shot by Bo Horvat.
14:25 of 1st period - Shot Misses the Net.
14:27 of 1st period - Slapshot by Tyler Wotherspoon.
14:27 of 1st period - Stopped by Louis Domingue with a rebound.
14:29 of 1st period - Slapshot by Anton Cederholm.
14:29 of 1st period - Deflect By Bo Horvat.
14:29 of 1st period - Stopped by Louis Domingue without a rebound.
14:30 of 1st period - Brian Flynn wins face-off versus Zack Hamill in Punishers zone.
14:31 of 1st period - Slapshot by Cam Atkinson.
14:31 of 1st period - Shot Misses the Net.
14:39 of 1st period - Wrist shot by Brian Flynn.
14:39 of 1st period - Stopped by Louis Domingue with a rebound.
14:41 of 1st period - Snap shot by Brian Flynn.
14:41 of 1st period - Shot Blocked by David Laliberté.
14:55 of 1st period - Miikka Salomaki is hit by Jesse Joensuu and loses puck.
15:37 of 1st period - Anton Cederholm is hit by Robbie Earl and loses puck.
16:19 of 1st period - Snap shot by Dana Tyrell.
16:19 of 1st period - Stopped by Louis Domingue without a rebound.
16:20 of 1st period - Dana Tyrell wins face-off versus Boone Jenner in Punishers zone.
17:13 of 1st period - Wrist shot by Mathieu Perreault.
17:13 of 1st period - Stopped by Louis Domingue without a rebound.
17:14 of 1st period - Brian Flynn wins face-off versus Zack Hamill in Punishers zone.
17:15 of 1st period - Snap shot by Shawn Matthias.
17:15 of 1st period - Goal by Shawn Matthias - Little Stars : 1 - Punishers : 0.
17:16 of 1st period - Brian Flynn wins face-off versus Zack Hamill in neutral zone.
18:32 of 1st period - Slapshot by Radek Faksa.
18:32 of 1st period - Stopped by Peter Delmas with a rebound.
18:34 of 1st period - Snap shot by Michael Joly.
18:34 of 1st period - Stopped by Peter Delmas with a rebound.
18:36 of 1st period - Slapshot by Patrick Wiercioch.
18:36 of 1st period - Stopped by Peter Delmas without a rebound.
18:37 of 1st period - Zack Hamill wins face-off versus Brian Flynn in Little Stars zone.
19:32 of 1st period - Slapshot by Mark Jankowski.
19:32 of 1st period - Goal by Mark Jankowski - Little Stars : 1 - Punishers : 1.
19:33 of 1st period - David Laliberté wins face-off versus Brian Flynn in neutral zone.
19:38 of 1st period - Jordie Benn is hit by David Laliberté and loses puck.
Goals for this period are 1 for Little Stars vs 1 for Punishers.
Shots for this period are 11 for Little Stars vs 14 for Punishers.
2nd period
0:01 of 2nd period - Zack Hamill wins face-off versus Brian Flynn in neutral zone.
0:04 of 2nd period - Brian Flynn is hit by Zack Hamill.
0:12 of 2nd period - Slapshot by Cam Atkinson.
0:12 of 2nd period - Deflect By Brian Flynn.
0:12 of 2nd period - Stopped by Louis Domingue without a rebound.
0:13 of 2nd period - Brian Flynn wins face-off versus Zack Hamill in Punishers zone.
0:18 of 2nd period - Slapshot by Cam Atkinson.
0:18 of 2nd period - Goal by Cam Atkinson - Little Stars : 2 - Punishers : 1.
0:19 of 2nd period - Brian Flynn wins face-off versus Zack Hamill in neutral zone.
0:49 of 2nd period - Snap shot by Zach Budish.
0:49 of 2nd period - Shot Misses the Net.
1:11 of 2nd period - Snap shot by Michael Mersch.
1:11 of 2nd period - Goal by Michael Mersch - Little Stars : 3 - Punishers : 1.
1:12 of 2nd period - Robbie Earl wins face-off versus Brian Flynn in neutral zone.
1:15 of 2nd period - Snap shot by David Laliberté.
1:15 of 2nd period - Stopped by Peter Delmas without a rebound.
1:16 of 2nd period - Brian Flynn wins face-off versus Zack Hamill in Little Stars zone.
1:29 of 2nd period - Brian Flynn is hit by David Laliberté and loses puck.
1:46 of 2nd period - Slapshot by Miikka Salomaki.
1:46 of 2nd period - Shot Misses the Net.
2:33 of 2nd period - Snap shot by Bo Horvat.
2:33 of 2nd period - Stopped by Louis Domingue without a rebound.
2:34 of 2nd period - Brian Flynn wins face-off versus Zack Hamill in Punishers zone.
2:48 of 2nd period - Wrist shot by Cam Atkinson.
2:48 of 2nd period - Shot Misses the Net.
3:22 of 2nd period - Slapshot by Jordan Schmaltz.
3:22 of 2nd period - Stopped by Peter Delmas with a rebound.
3:24 of 2nd period - Snap shot by Garret Ross.
3:24 of 2nd period - Shot Blocked by Jordie Benn.
3:26 of 2nd period - Slapshot by Adam Pelech.
3:26 of 2nd period - Stopped by Peter Delmas without a rebound.
3:27 of 2nd period - Radek Faksa wins face-off versus Brian Flynn in Little Stars zone.
3:42 of 2nd period - Snap shot by Garret Ross.
3:42 of 2nd period - Shot Misses the Net.
3:59 of 2nd period - Zack Hamill is hit by Dana Tyrell and loses puck.
4:15 of 2nd period - Slapshot by Boone Jenner.
4:15 of 2nd period - Shot Misses the Net.
4:17 of 2nd period - Snap shot by Boone Jenner.
4:17 of 2nd period - Stopped by Peter Delmas without a rebound.
4:18 of 2nd period - Boone Jenner wins face-off versus Mathieu Perreault in Little Stars zone.
4:23 of 2nd period - Wrist shot by Boone Jenner.
4:23 of 2nd period - Shot Misses the Net.
4:25 of 2nd period - Slapshot by Madison Bowey.
4:25 of 2nd period - Deflect By Mathieu Perreault.
4:25 of 2nd period - Stopped by Peter Delmas without a rebound.
4:26 of 2nd period - Brian Flynn wins face-off versus Zack Hamill in Little Stars zone.
4:26 of 2nd period - Brian Flynn is hit by Adam Pelech.
4:34 of 2nd period - Robbie Earl is hit by Brian Flynn and loses puck.
5:00 of 2nd period - Dana Tyrell is hit by Tyler Bertuzzi and loses puck.
5:46 of 2nd period - Wrist shot by Garret Ross.
5:46 of 2nd period - Deflect By Radek Faksa.
5:46 of 2nd period - Shot Blocked by Andrej Sustr.
5:46 of 2nd period - Puck is out of play.
5:47 of 2nd period - Brian Flynn wins face-off versus Zack Hamill in Little Stars zone.
5:54 of 2nd period - Wrist shot by Brian Flynn.
5:54 of 2nd period - Shot Misses the Net.
6:02 of 2nd period - Wrist shot by Cam Atkinson.
6:02 of 2nd period - Shot Misses the Net.
7:03 of 2nd period - Shawn Matthias is hit by Zack Hamill and loses puck.
7:24 of 2nd period - Slapshot by Adam Pelech.
7:24 of 2nd period - Stopped by Peter Delmas without a rebound.
7:25 of 2nd period - Zack Hamill wins face-off versus Brian Flynn in Little Stars zone.
7:36 of 2nd period - Slapshot by Cam Atkinson.
7:36 of 2nd period - Shot Misses the Net.
7:50 of 2nd period - Jesse Joensuu is hit by Tyler Bertuzzi and loses puck.
8:11 of 2nd period - Wrist shot by Mathieu Perreault.
8:11 of 2nd period - Stopped by Louis Domingue with a rebound.
8:17 of 2nd period - Andrej Sustr is hit by Adam Pelech and loses puck.
8:32 of 2nd period - Snap shot by Michael Mersch.
8:32 of 2nd period - Shot Blocked by Dylan DeMelo.
8:38 of 2nd period - Backhand shot by Bo Horvat.
8:38 of 2nd period - Stopped by Louis Domingue without a rebound.
8:39 of 2nd period - Zack Hamill wins face-off versus Brian Flynn in Punishers zone.
8:48 of 2nd period - Wrist shot by Cam Atkinson.
8:48 of 2nd period - Stopped by Louis Domingue without a rebound.
8:49 of 2nd period - Zack Hamill wins face-off versus Cam Atkinson in Punishers zone.
8:49 of 2nd period - Zack Hamill is hit by Shawn Matthias.
9:09 of 2nd period - Snap shot by David Laliberté.
9:09 of 2nd period - Shot Misses the Net.
9:11 of 2nd period - Wrist shot by David Laliberté.
9:11 of 2nd period - Shot Hit the Post.
9:13 of 2nd period - Snap shot by Robbie Earl.
9:13 of 2nd period - Shot Blocked by Reece Willcox.
9:15 of 2nd period - Slapshot by Madison Bowey.
9:15 of 2nd period - Stopped by Peter Delmas with a rebound.
9:17 of 2nd period - Slapshot by Madison Bowey.
9:17 of 2nd period - Stopped by Peter Delmas without a rebound.
9:18 of 2nd period - Boone Jenner wins face-off versus Dana Tyrell in Little Stars zone.
9:28 of 2nd period - Minor Penalty to Jesse Joensuu for Slashing.
9:29 of 2nd period - Zack Hamill wins face-off versus Shawn Matthias in Little Stars zone.
9:58 of 2nd period - Slapshot by Adam Pelech.
9:58 of 2nd period - Deflect By Shawn Matthias.
9:58 of 2nd period - Stopped by Peter Delmas without a rebound.
9:59 of 2nd period - Cam Atkinson wins face-off versus Boone Jenner in Little Stars zone.
10:22 of 2nd period - Tyler Wotherspoon is hit by Tyler Bertuzzi and loses puck.
11:28 of 2nd period - Penalty to Jesse Joensuu is over, Jesse Joensuu is back on ice.
11:35 of 2nd period - Andrej Sustr is hit by Colton Gillies and loses puck.
12:36 of 2nd period - Jordan Schmaltz is hit by Bo Horvat and loses puck.
12:51 of 2nd period - Boone Jenner is hit by Dana Tyrell and loses puck.
13:25 of 2nd period - Snap shot by Robbie Earl.
13:25 of 2nd period - Stopped by Peter Delmas without a rebound.
13:26 of 2nd period - Mathieu Perreault wins face-off versus Zack Hamill in Little Stars zone.
13:33 of 2nd period - Scott Kosmachuck is hit by David Laliberté and loses puck.
13:48 of 2nd period - Wrist shot by Robbie Earl.
13:48 of 2nd period - Stopped by Peter Delmas with a rebound.
14:25 of 2nd period - Snap shot by David Laliberté.
14:25 of 2nd period - Deflect By Scott Kosmachuck.
14:25 of 2nd period - Shot Misses the Net.
14:25 of 2nd period - Puck is out of play.
14:26 of 2nd period - Brian Flynn wins face-off versus Boone Jenner in Little Stars zone.
14:26 of 2nd period - Brian Flynn is hit by Miikka Salomaki.
14:34 of 2nd period - Tyler Bertuzzi is hit by Cam Atkinson.
14:37 of 2nd period - Off-side.
14:38 of 2nd period - Boone Jenner wins face-off versus Brian Flynn in neutral zone.
14:49 of 2nd period - Snap shot by Boone Jenner.
14:49 of 2nd period - Shot Misses the Net.
15:05 of 2nd period - Dana Tyrell is hit by Mark Jankowski and loses puck.
15:49 of 2nd period - Snap shot by Robbie Earl.
15:49 of 2nd period - Shot Blocked by Reece Willcox.
16:29 of 2nd period - Wrist shot by Jesse Joensuu.
16:29 of 2nd period - Shot Misses the Net.
17:12 of 2nd period - Snap shot by Brian Flynn.
17:12 of 2nd period - Shot Blocked by Miikka Salomaki.
17:14 of 2nd period - Snap shot by Cam Atkinson.
17:14 of 2nd period - Deflect By Brian Flynn.
17:14 of 2nd period - Shot Misses the Net.
17:14 of 2nd period - Puck is out of play.
17:15 of 2nd period - Boone Jenner wins face-off versus Dana Tyrell in Punishers zone.
17:26 of 2nd period - Tyler Bertuzzi is hit by Jordie Benn and loses puck.
17:31 of 2nd period - Slapshot by Jesse Joensuu.
17:31 of 2nd period - Stopped by Louis Domingue with a rebound.
17:47 of 2nd period - Wrist shot by Mathieu Perreault.
17:47 of 2nd period - Deflect By Alexander Vasyunov.
17:47 of 2nd period - Stopped by Louis Domingue with a rebound.
17:49 of 2nd period - Backhand shot by Scott Kosmachuck.
17:49 of 2nd period - Stopped by Louis Domingue without a rebound.
17:50 of 2nd period - Brian Flynn wins face-off versus Zack Hamill in Punishers zone.
17:55 of 2nd period - Wrist shot by Brian Flynn.
17:55 of 2nd period - Shot Misses the Net.
17:59 of 2nd period - Snap shot by Cam Atkinson.
17:59 of 2nd period - Shot Misses the Net.
18:38 of 2nd period - Wrist shot by Bo Horvat.
18:38 of 2nd period - Shot Blocked by Madison Bowey.
19:05 of 2nd period - Tucker Poolman is hit by Adam Pelech and loses puck.
19:22 of 2nd period - Wrist shot by David Laliberté.
19:22 of 2nd period - Shot Misses the Net.
19:38 of 2nd period - Mark Jankowski is hit by Cam Atkinson and loses puck.
Goals for this period are 2 for Little Stars vs 0 for Punishers.
Shots for this period are 10 for Little Stars vs 11 for Punishers.
3rd period
0:01 of 3rd period - Zack Hamill wins face-off versus Brian Flynn in neutral zone.
0:30 of 3rd period - Wrist shot by Jesse Joensuu.
0:30 of 3rd period - Stopped by Louis Domingue with a rebound.
0:32 of 3rd period - Slapshot by Jordie Benn.
0:32 of 3rd period - Shot Misses the Net.
0:34 of 3rd period - Slapshot by Jordie Benn.
0:34 of 3rd period - Shot Misses the Net.
0:36 of 3rd period - Slapshot by Andrej Sustr.
0:36 of 3rd period - Stopped by Louis Domingue without a rebound.
0:37 of 3rd period - Mark Jankowski wins face-off versus Brian Flynn in Punishers zone.
0:37 of 3rd period - Mark Jankowski is hit by Brian Flynn.
0:40 of 3rd period - Minor Penalty to Carter Ashton for Diving.
0:41 of 3rd period - Zack Hamill wins face-off versus Brian Flynn in Punishers zone.
1:17 of 3rd period - Snap shot by Dana Tyrell.
1:17 of 3rd period - Stopped by Louis Domingue with a rebound.
1:19 of 3rd period - Slapshot by Jordie Benn.
1:19 of 3rd period - Shot Blocked by Jordan Schmaltz.
2:40 of 3rd period - Penalty to Carter Ashton is over, Carter Ashton is back on ice.
2:49 of 3rd period - Snap shot by Mathieu Perreault.
2:49 of 3rd period - Shot Misses the Net.
3:05 of 3rd period - Radek Faksa is hit by Bo Horvat and loses puck.
3:26 of 3rd period - Colton Gillies is hit by Brian Flynn and loses puck.
3:59 of 3rd period - Icing by Justin Auger.
4:00 of 3rd period - Bo Horvat wins face-off versus Radek Faksa in Little Stars zone.
4:05 of 3rd period - Snap shot by Bo Horvat.
4:05 of 3rd period - Shot Blocked by Radek Faksa.
4:40 of 3rd period - Slapshot by Mark Jankowski.
4:40 of 3rd period - Stopped by Peter Delmas with a rebound.
5:00 of 3rd period - Snap shot by Scott Kosmachuck.
5:00 of 3rd period - Stopped by Louis Domingue with a rebound.
5:02 of 3rd period - Minor Penalty to Robbie Earl for Hooking.
5:03 of 3rd period - Zack Hamill wins face-off versus Brian Flynn in Punishers zone.
5:12 of 3rd period - Snap shot by Jordie Benn.
5:12 of 3rd period - Shot Misses the Net.
5:14 of 3rd period - Wrist shot by Brian Flynn.
5:14 of 3rd period - Deflect By Cam Atkinson.
5:14 of 3rd period - Goal by Cam Atkinson - Little Stars : 4 - Punishers : 1.
5:15 of 3rd period - Brian Flynn wins face-off versus Zack Hamill in neutral zone.
8:07 of 3rd period - Icing by Garret Ross.
8:08 of 3rd period - Bo Horvat wins face-off versus Zack Hamill in Punishers zone.
8:15 of 3rd period - Wrist shot by Michael Mersch.
8:15 of 3rd period - Deflect By Bo Horvat.
8:15 of 3rd period - Shot Blocked by David Laliberté.
8:15 of 3rd period - Puck is out of play.
8:16 of 3rd period - Zack Hamill wins face-off versus Brian Flynn in Punishers zone.
8:38 of 3rd period - Icing by Zack Hamill.
8:39 of 3rd period - Boone Jenner wins face-off versus Dana Tyrell in Punishers zone.
8:52 of 3rd period - Wrist shot by Miikka Salomaki.
8:52 of 3rd period - Deflect By Boone Jenner.
8:52 of 3rd period - Stopped by Peter Delmas with a rebound.
9:10 of 3rd period - Slapshot by Andrej Sustr.
9:10 of 3rd period - Stopped by Louis Domingue with a rebound.
9:12 of 3rd period - Wrist shot by Shawn Matthias.
9:12 of 3rd period - Stopped by Louis Domingue with a rebound.
9:14 of 3rd period - Snap shot by Cam Atkinson.
9:14 of 3rd period - Shot Misses the Net.
10:04 of 3rd period - Icing by Boone Jenner.
10:05 of 3rd period - Boone Jenner wins face-off versus Dana Tyrell in Punishers zone.
10:53 of 3rd period - Snap shot by Garret Ross.
10:53 of 3rd period - Shot Blocked by Reece Willcox.
11:04 of 3rd period - Slapshot by Jesse Joensuu.
11:04 of 3rd period - Stopped by Louis Domingue without a rebound.
11:05 of 3rd period - Brian Flynn wins face-off versus Zack Hamill in Punishers zone.
11:06 of 3rd period - Slapshot by Shawn Matthias.
11:06 of 3rd period - Shot Blocked by Robbie Earl.
11:08 of 3rd period - Wrist shot by Shawn Matthias.
11:08 of 3rd period - Shot Blocked by David Laliberté.
11:10 of 3rd period - Snap shot by Shawn Matthias.
11:10 of 3rd period - Stopped by Louis Domingue without a rebound.
11:11 of 3rd period - Zack Hamill wins face-off versus Brian Flynn in Punishers zone.
11:44 of 3rd period - Slapshot by Dylan DeMelo.
11:44 of 3rd period - Deflect By Jordie Benn.
11:44 of 3rd period - Stopped by Peter Delmas without a rebound.
11:45 of 3rd period - Zack Hamill wins face-off versus Brian Flynn in Little Stars zone.
12:33 of 3rd period - Mark Jankowski is hit by Mathieu Perreault and loses puck.
12:52 of 3rd period - Bo Horvat is hit by Michael Joly and loses puck.
13:29 of 3rd period - Snap shot by Shawn Matthias.
13:29 of 3rd period - Goal by Shawn Matthias - Little Stars : 5 - Punishers : 1.
13:30 of 3rd period - Zack Hamill wins face-off versus Brian Flynn in neutral zone.
13:37 of 3rd period - Snap shot by Robbie Earl.
13:37 of 3rd period - Shot Misses the Net.
13:39 of 3rd period - Snap shot by Adam Pelech.
13:39 of 3rd period - Shot Blocked by Anton Cederholm.
13:41 of 3rd period - Wrist shot by Robbie Earl.
13:41 of 3rd period - Stopped by Peter Delmas with a rebound.
14:01 of 3rd period - Snap shot by Dana Tyrell.
14:01 of 3rd period - Stopped by Louis Domingue with a rebound.
14:03 of 3rd period - Snap shot by Jesse Joensuu.
14:03 of 3rd period - Stopped by Louis Domingue with a rebound.
14:05 of 3rd period - Slapshot by Anton Cederholm.
14:05 of 3rd period - Shot Misses the Net.
14:25 of 3rd period - Snap shot by Carter Ashton.
14:25 of 3rd period - Stopped by Peter Delmas with a rebound.
14:35 of 3rd period - Patrick Wiercioch is hit by Reece Willcox and loses puck.
14:44 of 3rd period - Slapshot by Michael Mersch.
14:44 of 3rd period - Shot Misses the Net.
15:04 of 3rd period - Wrist shot by David Laliberté.
15:04 of 3rd period - Shot Misses the Net.
15:06 of 3rd period - Snap shot by David Laliberté.
15:06 of 3rd period - Shot Misses the Net.
15:47 of 3rd period - Slapshot by Jordie Benn.
15:47 of 3rd period - Stopped by Louis Domingue without a rebound.
15:48 of 3rd period - Zack Hamill wins face-off versus Mathieu Perreault in Punishers zone.
16:13 of 3rd period - Miikka Salomaki is hit by Cam Atkinson and loses puck.
16:28 of 3rd period - Reece Willcox is hit by Boone Jenner and loses puck.
16:51 of 3rd period - Penalty Shot by Colton Gillies for Punishers.
16:51 of 3rd period - Deke by Colton Gillies.
16:51 of 3rd period - Stopped by Peter Delmas.
16:52 of 3rd period - Zack Hamill wins face-off versus Mathieu Perreault in Punishers zone.
16:58 of 3rd period - Mathieu Perreault is hit by Robbie Earl and loses puck.
17:22 of 3rd period - Slapshot by Trevor Van Riemsdyk.
17:22 of 3rd period - Stopped by Peter Delmas with a rebound.
17:24 of 3rd period - Snap shot by Boone Jenner.
17:24 of 3rd period - Shot Misses the Net.
17:26 of 3rd period - Slapshot by Miikka Salomaki.
17:26 of 3rd period - Goal by Miikka Salomaki - Little Stars : 5 - Punishers : 2.
17:27 of 3rd period - Zack Hamill wins face-off versus Brian Flynn in neutral zone.
17:29 of 3rd period - Off-side.
17:30 of 3rd period - Zack Hamill wins face-off versus Brian Flynn in neutral zone.
18:03 of 3rd period - Snap shot by Dana Tyrell.
18:03 of 3rd period - Shot Misses the Net.
18:05 of 3rd period - Wrist shot by Dana Tyrell.
18:05 of 3rd period - Stopped by Louis Domingue with a rebound.
18:58 of 3rd period - Tucker Poolman is hit by Robbie Earl and loses puck.
19:28 of 3rd period - Colton Gillies is hit by Jesse Joensuu and loses puck.
Goals for this period are 2 for Little Stars vs 1 for Punishers.
Shots for this period are 14 for Little Stars vs 7 for Punishers.
Back to the Top